 Dungeon Crawl Stone Soup version 0.30-a0-373-gd37427bb62 (webtiles) character file.

Game seed: 973188293284565780

11818 Aqq the Cleaver (level 11, -12/99 HPs)
             Began as a Minotaur Fighter on Nov 24, 2022.
             Was a Priest of Uskayaw.
             Mangled by Urug
             ... wielding a +2 demon trident of venom
              (24 damage)
             ... on level 11 of the Dungeon.
             The game lasted 00:32:26 (9226 turns).

Aqq the Cleaver (Minotaur Fighter)                  Turns: 9226, Time: 00:32:27

Health: -12/99     AC: 18    Str: 24    XL:     11   Next: 54%
Magic:  13/13      EV: 10    Int:  5    God:    Uskayaw [***...]
Gold:   287        SH:  6    Dex: 17    Spells: 10/10 levels left

rFire   . . .      SeeInvis .    u - +5 war axe (vamp)
rCold   + . .      Faith    +    c - +0 buckler
rNeg    . . .      Spirit   .    j - +0 chain mail of Misanthropy {rC+ Slay+2 Stlth+}
rPois   .          Reflect  .    (helmet restricted)
rElec   .          Harm     .    (no cloak)
rCorr   .          Rampage  .    y - +0 pair of gloves
Will    .....                    b - +0 pair of boots
Stlth   ..........               C - amulet of faith
HPRegen 0.36/turn                t - +4 ring of protection
MPRegen 0.13/turn                w - +6 ring of dexterity

@: lethally poisoned (-12 -> -29)
A: horns 2, retaliatory headbutt
a: Renounce Religion, Stomp, Line Pass


You were on level 11 of the Dungeon.
You worshipped Uskayaw.
Uskayaw was noncommittal.
You visited 2 branches of the dungeon, and saw 12 of its levels.
You also visited: Bailey.

You collected 917 gold pieces.
You spent 630 gold pieces at shops.

Inventory:

Hand Weapons
 k - a +2 whip of electrocution
 u - a +5 vampiric war axe (weapon)
 O - the +6 shillelagh "Devastator" {shatter}
   (You found it on level 8 of the Dungeon)

   It releases a powerful concussive burst when it strikes, dealing extra damage
   to the target and all other creatures adjacent to them.
Missiles
 n - 27 poisoned darts (quivered)
 x - 28 boomerangs
 P - a curare-tipped dart
Armour
 b - a +0 pair of boots (worn)
 c - a +0 buckler (worn)
 j - the +0 chain mail of Misanthropy (worn) {rC+ Slay+2 Stlth+}
   (You found it on level 3 of the Dungeon)

   Slay:      It affects your accuracy & damage with ranged weapons and melee
   (+2).
   rC:        It protects you from cold.
   Stlth:     It makes you more stealthy.
 y - a +0 pair of gloves (worn)
 F - a +3 leather armour of poison resistance
 J - a +3 chain mail of cold resistance
 S - +0 acid dragon scales
Jewellery
 t - a +4 ring of protection (left hand)
 w - a +6 ring of dexterity (right hand)
 C - an amulet of faith (around neck)
 D - a ring of flight
 H - a ring of positive energy
 R - a ring of willpower
Wands
 o - a wand of flame (56)
 v - a wand of paralysis (23)
 K - a wand of digging (3)
Scrolls
 a - 4 scrolls of poison
 e - 5 scrolls of teleportation
 g - 3 scrolls of identify
 h - a scroll of fear
 i - a scroll of summoning
 l - 3 scrolls of fog
 p - 3 scrolls of vulnerability
 A - 2 scrolls of amnesia
 E - a scroll of magic mapping {unknown}
 L - 2 scrolls of noise
 N - a scroll of blinking
Potions
 d - 3 potions of might
 f - 3 potions of heal wounds {unknown}
 m - a potion of resistance
 q - 3 potions of attraction
 r - 11 potions of curing
 s - 7 potions of flight
 z - a potion of berserk rage
 B - 2 potions of degeneration {unknown}
 G - 3 potions of cancellation {unknown}
 M - 2 potions of invisibility
 T - a potion of lignification {unknown}
Miscellaneous
 I - a lightning rod (4/4)
 Q - a phantom mirror


   Skills:
 + Level 9.6 Fighting
 + Level 14.9 Axes
 + Level 0.6 Throwing
 + Level 10.3 Armour
 + Level 3.6 Dodging
 + Level 8.0 Shields
 * Level 4.0 Invocations


You had 10 spell levels left.
You didn't know any spells.
Your spell library contained the following spells:

 Spells                   Type           Power      Damage    Failure   Level
 Magic Dart               Conj           0%         1d3       98%         1
 Call Imp                 Summ           0%         N/A       99%         2
 Ensorcelled Hibernation  Hex/Ice        0%         N/A       99%         2
 Passwall                 Tmut/Erth      0%         N/A       99%         2
 Mephitic Cloud           Conj/Pois/Air  0%         N/A       100%        3
 Swiftness                Air            0%         N/A       100%        3


Dungeon Overview and Level Annotations

Branches:
Dungeon (11/15)            Temple (1/1) D:5            Lair (0/5) D:11
    Orc (0/2) D:9          Bailey (visited)

Altars:
Ashenzari
Cheibriados
Dithmenos
Elyvilon
Fedhas
Gozag
Hepliaklqana
Kikubaaqudgha
Makhleb
Nemelex Xobeh
Okawaru
Qazlal
Sif Muna
Trog
Uskayaw
Wu Jian
Yredelemnul
Zin
The Shining One

Shops:
D:1 ![   D:11 *

Annotations:
D:6 3 runed translucent doors, nujazz's ghost, novice OpCj
D:11 exclusion: 2 oklob plants, Urug


Innate Abilities, Weirdness & Mutations

You have a pair of horns on your head.
You reflexively headbutt those who attack you in melee.


Message History

Urug is moderately wounded.
You feel very sick.
Urug hits you with a +2 demon trident of venom!
You are more poisoned.
You slash Urug!
You feel better.
Urug is moderately wounded.
You feel very sick. You block Urug's attack.
Urug hits you with a +2 demon trident of venom!!
You are lethally poisoned!
You can now pass through a line of other dancers.
You hit Urug but do no damage. You headbutt Urug.
Urug is moderately wounded.
You feel extremely sick. Urug hits you but does no damage.
You closely miss Urug.
Urug is moderately wounded.
* * * LOW HITPOINT WARNING * * *
You feel extremely sick. Urug barely misses you.
You slice Urug!! You headbutt Urug.
Urug is heavily wounded.
* * * LOW HITPOINT WARNING * * *
You feel very sick. You block Urug's attack.
Uskayaw will force your foes to helplessly watch your dance.
Uskayaw prepares the audience for your solo!
The helpless Urug fails to defend herself.
You hit Urug but do no damage. You headbutt Urug!
Urug is severely wounded.
* * * LOW HITPOINT WARNING * * *
You feel very sick.
The helpless Urug fails to defend herself.
You slice Urug!! You headbutt Urug, but do no damage.
Urug is almost dead.
* * * LOW HITPOINT WARNING * * *
You feel very sick.
Urug is no longer paralysed.
Urug hits you with a +2 demon trident of venom!!
You die...

~~~≈~~~......
.≈~≈..~....####
~~.~...†.......
...............
########.##...#....
####.........+...# .
#............#...#
#...o........#...#
#.......#....@.......#†..#
#.......#............#...#
#.......########'#####...#
#........................#
#........................#
#(................######.#
#......#########..# #.#
#......#.......'..# #.#
#......#.......#..# #.#


You could see Urug (berserk).

Vanquished Creatures
  Erolcha (D:10)
  2 two-headed ogres
  2 orc knights (Bailey)
  A gargoyle (D:8)
  A komodo dragon (D:7)
  A troll (D:11)
  20 yaks
  A wraith (D:10)
  2 wyverns
  Eustachio (D:6)
  3 steam dragons
  A water moccasin (D:6)
  An acid dragon (D:10)
  Duvessa (D:7)
  A floating eye (D:11)
  2 sky beasts
  A black bear (D:3)
  An ogre (D:6)
  7 orc warriors
  3 wolves (D:11)
  A centaur (D:7)
  2 phantoms
  3 kobold brigands
  5 bullfrogs
  3 necrophages
  3 scorpions
  7 wights
  Dowan (D:7)
  An electric eel (D:11)
  A howler monkey (D:4)
  5 hounds
  8 orc priests
  5 jellies
  Jessica (D:2)
  9 iguanas
  7 orc wizards
  Robin (D:3)
  5 gnolls
  9 adders
  A shadow imp (D:5)
  2 white imps (D:6)
  An ufetubus (D:5)
  A worm (D:2)
  3 dart slugs
  18 orcs
  9 ball pythons
  6 endoplasms
  A giant cockroach (D:4)
  25 goblins
  8 hobgoblins
  6 jackals (D:1)
  4 quokkas
  2 bats
  8 frilled lizards
  27 kobolds
  4 rats
256 creatures vanquished.

Vanquished Creatures (others)
  8 plants (D:7)
8 creatures vanquished.

Grand Total: 264 creatures vanquished

Notes
Turn   | Place    | Note
-------+----------+-------------------------------------------
     0 | D:1      | Aqq the Minotaur Fighter began the quest for the Orb.
     0 | D:1      | Reached XP level 1. HP: 19/19 MP: 0/0
    18 | D:1      | Found Oteppe's Distillery.
    48 | D:1      | Found Axzeg's Antique Armour Shop.
   152 | D:2      | Noticed Jessica
   152 | D:2      | Found a shimmering blue altar of Sif Muna.
   298 | D:1      | Reached XP level 2. HP: 26/27 MP: 1/1
   627 | D:1      | Reached XP level 3. HP: 30/33 MP: 2/2
   964 | D:1      | Found a faded altar of an unknown god.
  1020 | D:1      | Reached skill level 3 in Axes
  1075 | D:2      | Killed Jessica
  1076 | D:2      | Reached XP level 4. HP: 39/41 MP: 3/3
  1182 | D:2      | Reached skill level 4 in Axes
  1204 | D:2      | Noticed a scorpion
  1376 | D:3      | Reached skill level 1 in Dodging
  1376 | D:3      | Reached XP level 5. HP: 47/47 MP: 4/4
  1395 | D:3      | Identified the +0 chain mail of Misanthropy {rC+ Slay+2
                  | Stlth+}
  1576 | D:4      | Noticed a black bear
  1664 | D:3      | Reached skill level 5 in Armour
  2089 | D:2      | Reached skill level 5 in Axes
  2089 | D:2      | Reached XP level 6. HP: 53/53 MP: 5/5
  2223 | D:3      | Noticed Robin
  2244 | D:3      | Killed Robin
  2517 | D:4      | Reached skill level 5 in Fighting
  2553 | D:4      | Reached skill level 6 in Axes
  2674 | D:4      | Reached XP level 7. HP: 56/61 MP: 6/6
  2865 | D:4      | Found a snail-covered altar of Cheibriados.
  2938 | D:5      | Entered Level 5 of the Dungeon
  3058 | D:5      | Found a staircase to the Ecumenical Temple.
  3064 | Temple   | Entered the Ecumenical Temple
  3070 | Temple   | Became a worshipper of Uskayaw the Reveller
  3164 | D:6      | Reached * piety under Uskayaw
  3166 | D:6      | Reached ** piety under Uskayaw
  3239 | D:5      | Reached skill level 7 in Axes
  3284 | D:5      | Reached *** piety under Uskayaw
  3534 | D:5      | Reached skill level 8 in Axes
  3968 | D:6      | Reached XP level 8. HP: 70/70 MP: 7/7
  4014 | D:6      | Reached skill level 5 in Shields
  4018 | D:6      | Reached **** piety under Uskayaw
  4020 | D:6      | Reached ***** piety under Uskayaw
  4054 | D:6      | Noticed Eustachio
  4066 | D:5      | Reached skill level 9 in Axes
  4274 | D:6      | Killed Eustachio
  4275 | D:6      | Reached skill level 10 in Axes
  4315 | D:6      | Found a runed translucent gate.
  4316 | D:6      | Found a runed translucent gate.
  4317 | D:6      | Found a runed translucent gate.
  4443 | D:6      | Reached XP level 9. HP: 55/78 MP: 8/8
  4540 | D:6      | Noticed a spectral unseen horror
  4540 | D:6      | Noticed nujazz's ghost (novice OpCj)
  4968 | D:8      | Found a flagged portal.
  4982 | Bailey   | Entered a bailey
  5003 | Bailey   | Noticed an orc knight
  5008 | Bailey   | Noticed an orc knight
  5074 | Bailey   | Killed an orc knight
  5075 | Bailey   | Reached skill level 11 in Axes
  5085 | Bailey   | Reached ****** piety under Uskayaw
  5088 | Bailey   | Killed an orc knight
  5089 | Bailey   | Reached skill level 12 in Axes
  5095 | Bailey   | HP: 4/80 [orc warrior/+0 battleaxe (12)]
  5564 | D:7      | Found a glowing silver altar of Zin.
  5564 | D:7      | Noticed an angel
  5753 | D:7      | Noticed Dowan
  5755 | D:7      | Noticed Duvessa
  5765 | D:7      | Killed Duvessa
  5765 | D:7      | Killed Dowan
  5766 | D:7      | Reached XP level 10. HP: 88/88 MP: 9/9
  5984 | D:7      | Found a stormy altar of Qazlal.
  5992 | D:7      | Found a white marble altar of Elyvilon.
  6475 | D:8      | Reached skill level 13 in Axes
  6593 | D:8      | Noticed a gargoyle
  6603 | D:8      | Killed a gargoyle
  6604 | D:8      | Noticed a two-headed ogre
  6606 | D:8      | Found the +6 shillelagh "Devastator" {shatter}
  6611 | D:8      | Killed a two-headed ogre
  7059 | D:9      | Reached skill level 1 in Invocations
  7179 | D:9      | Found a staircase to the Orcish Mines.
  7641 | D:9      | Reached skill level 14 in Axes
  8055 | D:10     | Entered Level 10 of the Dungeon
  8073 | D:10     | Reached XP level 11. HP: 95/95 MP: 11/11
  8109 | D:10     | Noticed a two-headed ogre
  8116 | D:10     | Killed a two-headed ogre
  8163 | D:10     | Noticed Erolcha
  8169 | D:10     | Killed Erolcha
  8324 | D:10     | Found a shimmering blue altar of Sif Muna.
  8403 | D:10     | Reached skill level 10 in Armour
  8801 | D:10     | Found an ornate altar of the Wu Jian Council.
  9073 | D:11     | Found Reolav's General Store.
  9081 | D:11     | Bought a potion of attraction for 54 gold pieces
  9081 | D:11     | Bought a potion of invisibility for 144 gold pieces
  9081 | D:11     | Bought a potion of curing for 54 gold pieces
  9081 | D:11     | Bought a scroll of enchant weapon for 135 gold pieces
  9081 | D:11     | Bought a scroll of enchant weapon for 135 gold pieces
  9081 | D:11     | Bought a scroll of identify for 36 gold pieces
  9081 | D:11     | Bought a potion of might for 72 gold pieces
  9086 | D:11     | Noticed an oklob plant
  9086 | D:11     | Noticed an oklob plant
  9128 | D:11     | Paralysed by a floating eye for 3 turns
  9170 | D:11     | Found a staircase to the Lair.
  9211 | D:11     | Noticed Urug
  9226 | D:11     | Mangled by Urug

Illustrated notes

Levels and vault maps discovered:
D:1:      amcnicky_arrival_gap_in_the_tavern_cellar, layout_loops_corners,
          serial_shops, nicolae_shop_hallway_plus,
          nicolae_shop_advertising_works [nicolae_subvault_shop_adworks],
          hellmonk_ecumenical_altar_inner_sanctum
D:2:      layout_rooms, basic_altar, uniq_jessica
D:3:      layout_basic, uniq_robin
D:4:      layout_cave_pools, lemuel_doored_altar
D:5:      layout_basic, minmay_temple_entry_enclosed_plants
D:6:      layout_loops_ring, gammafunk_ghost_necromancy,
          kennysheep_generic_room_5, uniq_eustachio
D:7:      layout_basic, zin_angel, mainiacjoe_overflow_big_doors,
          minmay_lizard_king, uniq_duvessa
D:8:      layout_gridville, enter_bailey_5, dilly_guarded_unrand_devastator
D:9:      layout_basic, orc_0_dummy
D:10:     layout_roguey, pdpol_wu_jian_five_deadly_venoms,
          lemuel_coloured_pillars_altar, uniq_erolcha
D:11:     layout_irregular_city, erik_lair_island, serial_shops, shop_fountains,
          minivault_23, corexii_leaking_fountain, disabler_island, uniq_urug
Temple:   nicolae_temple_x_marks_the_god

Skill      XL: |  1  2  3  4  5  6  7  8  9 10 11 |
---------------+----------------------------------+-----
Fighting       | 4 5 6 7 8 9 |  9.6
Armour         | 4 5 6 7 8 9 10 | 10.3
Shields        | 4 5 6 7 8 |  8.0
Axes           | 3 4 5 6 8 10 12 14 | 14.9
Dodging        | 1 2 3 |  3.6
Invocations    | 2 4 |  4.0
Throwing       | |  0.6

Action                   |  1- 3 |  4- 6 |  7- 9 | 10-12 || total
-------------------------+-------+-------+-------+-------++-------
Melee: War axe           |    61 |   104 |   168 |   207 ||   540
       Headbutt          |    11 |    11 |    33 |    55 ||   110
Throw: Dart              |       |       |     2 |       ||     2
  Use: Scroll            |       |     6 |     2 |     5 ||    13
 Stab: Paralysed         |       |       |    12 |    20 ||    32
Armor: Scale mail        |    37 |     6 |       |       ||    43
       Chain mail        |       |    47 |    86 |    74 ||   207
Dodge: Dodged            |    24 |    55 |    60 |    60 ||   199
Block: Buckler           |    19 |    27 |    65 |    47 ||   158

Table legend: (Time is in decaauts)
 A = Elapsed time spent in this place.
 B = Non-inter-level travel time spent in this place.
 C = Inter-level travel time spent in this place.
 D = Time resting spent in this place.
 E = Time spent auto-exploring this place.
 F = Levels seen in this place.
 G = Mean time per level.
                   A        B        C        D        E       F      G
               +--------+--------+--------+--------+--------+-----+--------+
         Total |   9271 |   8719 |    552 |   1164 |   4420 |  13 |  713.2 |
       Dungeon |   8732 |   8180 |    552 |    934 |   4416 |  11 |  793.8 |
        Temple |     12 |     12 |      0 |      0 |      0 |   1 |   12.0 |
        Bailey |    525 |    525 |      0 |    230 |      4 |   1 |  525.0 |
               +--------+--------+--------+--------+--------+-----+--------+

Top non-repeatable levels by time:
     D:1: 1081 daAuts
     D:9: 1039 daAuts
     D:5: 1015 daAuts
     D:6: 983 daAuts
    D:10: 958 daAuts
     D:3: 939 daAuts
     D:7: 909 daAuts
     D:8: 625 daAuts
  Bailey: 525 daAuts
     D:4: 493 daAuts
     D:2: 487 daAuts
    D:11: 199 daAuts
  Temple: 12 daAuts
